AoeStats
← saracast

Arena

508486157Analyzed
4v4 RM · 11d ago on Sep 22, 2026· 43m 54s· 8 players
Game mode
Random Map
Map size
Large (8 player)
Population
200
Speed
Normal
Resources
Standard
Victory
Conquest
Starting age
Dark Age
Ending age
Imperial Age
RankedLock teamsTeams togetherTeam positionsShared explorationLock speedFull tech treeHidden civsTurbo modeCheats
Victory
Defeat
🇹🇷 Britons · Türkiye
1749
+14
🇨🇱 Inca · Chile
1705
+16
1688
+17
🇭🇰 Burgundians · Hong Kong SAR China
1651
+18
🇳🇴 Jurchens · Norway
1767
-19
🇮🇪 Cumans · Ireland
1693
-16
🇮🇹 Vikings · Italy
1685
-15
🇮🇪 Maya · Ireland
1667
-15
7E_barbecue
6:11 Double-Bit Axe
10:00 Feudal Age
14:06 Castle Age
12:38 Bow Saw
12:10 Horse Collar
16:01 Wheelbarrow
15:59 Heavy Plow
21:37 Loom
22:31 Town Watch
23:25 Hand Cart
24:36 Gold Mining
24:37 Stone Mining
29:33 Imperial Age
28:24 Scale Barding Armor
28:29 Forging
29:07 Crop Rotation
29:43 Chain Barding Armor
30:49 Two-Man Saw
30:25 Gold Shaft Mining
30:03 Elite Coustillier
31:16 Conscription
31:35 Plate Barding Armor
31:41 Stone Shaft Mining
31:58 Husbandry
33:17 Iron Casting
32:54 Guilds
33:26 Burgundian Vineyards
35:57 Blast Furnace
34:49 Fletching
34:59 Scale Mail Armor
35:03 Devotion
35:18 Light Cavalry
36:29 Hussar
36:29 Cavalier
38:04 Coinage
37:58 Paladin
40:20 Banking
39:51 Caravan
3∅∰©Ψ H̵͎̄ẽ̵̝ ̵
10:03 Feudal Age
13:44 Castle Age
11:51 Double-Bit Axe
12:10 Horse Collar
19:35 Wheelbarrow
20:14 Heavy Plow
21:32 Bow Saw
22:26 Loom
23:16 Gold Mining
25:39 Scale Barding Armor
25:45 Forging
26:07 Hand Cart
27:27 Chain Barding Armor
27:50 Gold Shaft Mining
28:18 Iron Casting
27:59 Bloodlines
28:27 Husbandry
33:32 Scale Mail Armor
36:08 Imperial Age
34:28 Stone Mining
36:24 Chain Mail Armor
35:31 Pikeman
36:11 Squires
37:49 Masonry
38:52 Plate Barding Armor
39:17 Blast Furnace
37:50 Heavy Camel Rider
38:13 Light Cavalry
39:15 Conscription
40:30 Plate Mail Armor
40:40 Cavalier
42:03 Stone Shaft Mining
41:22 Hussar
43:15 Two-Man Saw
42:46 Crop Rotation
43:00 Elite War Elephant
43:43 Fletching
44:24 Architecture
44:07 Town Watch
VL LocoBarry
10:27 Feudal Age
11:15 Double-Bit Axe
14:11 Castle Age
12:05 Horse Collar
15:19 Bow Saw
15:15 Heavy Plow
21:30 Wheelbarrow
21:16 Gold Mining
21:32 Loom
22:02 Town Watch
23:15 Hand Cart
24:16 Gold Shaft Mining
28:04 Imperial Age
25:40 Scale Mail Armor
27:11 Chain Mail Armor
27:07 Forging
27:12 Squires
26:57 Arson
27:46 Stone Mining
28:43 Masonry
29:31 Plate Mail Armor
28:26 Capped Ram
29:00 Elite Kamayuk
30:33 Conscription
30:49 Iron Casting
31:37 Siege Ram
33:48 Blast Furnace
33:22 Padded Archer Armor
33:34 Fletching
34:48 Chemistry
34:20 Fabric Shields
34:32 Andean Sling
34:14 Elite Skirmisher
36:17 Leather Archer Armor
36:21 Bodkin Arrow
38:13 Ring Archer Armor
37:38 Bodkin Arrow
39:02 Ballistics
39:07 Thumb Ring
39:16 Siege Engineers
39:30 Caravan
39:43 Bracer
42:35 Coinage
Çıkmaz Sokak
9:48 Feudal Age
13:59 Castle Age
12:04 Double-Bit Axe
12:21 Horse Collar
12:39 Stone Mining
12:45 Horse Collar
15:33 Bow Saw
19:14 Gold Mining
21:58 Wheelbarrow
22:25 Fletching
22:21 Loom
23:45 Bodkin Arrow
24:57 Bodkin Arrow
25:02 Padded Archer Armor
34:27 Gold Shaft Mining
36:18 Gold Shaft Mining
37:03 Ballistics
40:04 Imperial Age
41:19 Bracer
42:21 Chemistry
41:44 Conscription
42:14 Conscription
Zeriel
0:26 Loom
10:29 Feudal Age
14:52 Castle Age
12:56 Double-Bit Axe
13:16 Horse Collar
16:02 Bow Saw
15:53 Heavy Plow
17:44 Fletching
18:44 Wheelbarrow
22:49 Bodkin Arrow
24:31 Padded Archer Armor
26:25 Ballistics
27:59 Hand Cart
28:28 Leather Archer Armor
35:11 Imperial Age
33:03 Town Watch
33:09 Gold Mining
33:10 Stone Mining
33:52 Thumb Ring
34:36 Fortified Wall
35:07 Stone Shaft Mining
35:53 Bracer
36:55 Chemistry
35:21 Elite Plumed Archer
36:35 Conscription
37:27 Ring Archer Armor
39:06 Scale Mail Armor
39:17 Forging
38:27 Pikeman
39:25 Halberdier
40:24 Squires
41:09 Chain Mail Armor
41:30 Iron Casting
41:04 Caravan
40:55 Treadmill Crane
41:03 Eagle Warrior
41:29 Arson
42:38 Plate Mail Armor
44:42 Blast Furnace
44:17 Holcans
PossiblySean
6:41 Loom
8:47 Feudal Age
10:47 Double-Bit Axe
10:44 Horse Collar
15:28 Wheelbarrow
20:05 Castle Age
18:57 Scale Barding Armor
19:18 Forging
20:13 Bloodlines
22:03 Chain Barding Armor
21:46 Town Watch
22:53 Capped Ram
25:57 Iron Casting
28:22 Bow Saw
29:10 Heavy Plow
32:56 Hand Cart
33:38 Gold Mining
35:30 Gold Shaft Mining
39:32 Imperial Age
40:48 Plate Barding Armor
39:42 Cavalier
saracast
10:43 Feudal Age
11:38 Double-Bit Axe
14:26 Castle Age
12:23 Horse Collar
16:56 Bow Saw
17:03 Heavy Plow
21:37 Wheelbarrow
22:02 Gold Mining
24:16 Hand Cart
24:01 Stone Mining
24:05 Loom
24:06 Town Watch
25:50 Town Patrol
28:26 Imperial Age
26:18 Scale Mail Armor
26:29 Forging
26:40 Squires
26:26 Arson
26:30 Gambesons
27:23 Gold Shaft Mining
27:25 Stone Shaft Mining
27:58 Chain Mail Armor
28:44 Iron Casting
27:59 Fletching
28:19 Siege Engineers
30:11 Chemistry
29:08 Elite Fire Lancer
31:34 Blast Furnace
30:41 Bodkin Arrow
33:41 Coinage
33:14 Bracer
34:06 Scale Barding Armor
35:22 Banking
35:34 Sappers
37:05 Conscription
36:46 Fortified Bastions
36:59 Fortified Wall
36:30 Treadmill Crane
37:56 Hoardings
37:55 Chain Barding Armor
36:59 Elite Iron Pagoda
39:11 Plate Barding Armor
39:20 Caravan
40:15 Bloodlines
40:05 Husbandry
39:26 Light Cavalry
41:16 Hussar
Gdr_Hydur
11:07 Feudal Age
14:45 Castle Age
13:41 Double-Bit Axe
16:11 Bow Saw
18:02 Gold Mining
18:23 Horse Collar
20:04 Gold Shaft Mining
26:07 Ballistics
27:55 Loom
27:56 Town Watch
32:17 Imperial Age
30:44 Fortified Wall
31:01 Squires
31:11 Scale Mail Armor
32:25 Chain Mail Armor
32:42 Capped Ram
34:39 Elite Varangian Guard
36:03 Chieftains
36:47 Plate Mail Armor
37:20 Forging
38:39 Conscription
40:02 Iron Casting
40:11 Arson
40:22 Stone Mining
40:18 Pikeman
41:51 Hoardings
42:43 Caravan
44:35 Blast Furnace
44:05 Fletching
Connection lost

Rejoining the realm…

Still unreachable

The connection could not be restored.

Session expired

The server has moved on; the page needs a fresh start.